 Dungeon Crawl Stone Soup version 0.30.0-18-gc0e69614cb (webtiles) character file.

Game seed: 3137264090371497294

35 Heoruswealwe the Digger (level 3, 19/19 HPs)
             Began as a Deep Elf Earth Elementalist on May 25, 2023.
             Got out of the dungeon alive.
             The game lasted 00:06:34 (805 turns).

Heoruswealwe the Digger (DEEE)                       Turns: 805, Time: 00:06:34

Health: 19/19      AC:  6    Str:  5    XL:     3   Next: 16%
Magic:  9/9        EV: 13    Int: 21    God:
Gold:   43         SH:  0    Dex: 15    Spells: 7/8 levels left

rFire   . . .        e - +3 short sword
rCold   . . .        d - orb {light}
rNeg    . . .        a - +1 robe
rPois   .            h - +2 hat
rElec   .            (no cloak)
rCorr   .            (no gloves)
SInv    .            g - +0 pair of boots
Will    .....        (no amulet)
Stlth   +            (no ring)
HPRegen 0.23/turn    (no ring)
MPRegen 0.11/turn

%: no passive effects
@: glowing
A: no striking features
a: no special abilities


You escaped.
You visited 1 branch of the dungeon, and saw 1 of its levels.

You collected 43 gold pieces.

Inventory:

Hand Weapons
 e - a +3 short sword (weapon)
Armour
 a - a +1 robe (worn)
 d - an orb of light (worn)
 g - a +0 pair of boots (worn)
 h - a +2 hat (worn)
Potions
 b - a potion of magic


   Skills:
 + Level 3.0 Dodging
 + Level 3.0 Stealth
 + Level 3.4 Spellcasting
 + Level 1.8 Transmutations
 + Level 3.6 Earth Magic


You had 7 spell levels left.
You knew the following spells:

 Your Spells              Type           Power      Damage    Failure   Level
a - Sandblast             Erth           36%        2d10      3%          1

Your spell library contained the following spells:

 Spells                   Type           Power      Damage    Failure   Level
 Passwall                 Tmut/Erth      12%        N/A       6%          2
 Stone Arrow              Conj/Erth      22%        3d8       19%         3
 Call Canine Familiar     Summ           3%         N/A       36%         3
 Portal Projectile        Hex/Tloc       6%         N/A       36%         3
 Petrify                  Tmut/Erth      15%        N/A       38%         4
 Leda's Liquefaction      Hex/Erth       5%         N/A       52%         4


Dungeon Overview and Level Annotations

Branches:
Dungeon (1/15)

Altars:


Message History

Found an embroidered hat.
You see here a +2 hat.
You start putting on your armour.
You continue putting on your +2 hat. x4
You finish putting on your +2 hat.
You open the door.
There is an open door here.
A bat comes into view.
The bat closely misses you.
The blast of sand hits the bat!
You kill the bat!
A quokka comes into view.
The blast of sand hits the quokka but does no damage.
The blast of sand misses the quokka.
The quokka closely misses you.
The quokka bites you but does no damage.
You miscast Sandblast.
You are very lightly contaminated with residual magic.
Nothing appears to happen.
The quokka bites you.
The blast of sand hits the quokka!
You kill the quokka!
Your magical contamination has completely faded away.
Found a scroll labelled LAEGIQ JUDINLI.
A ball python comes into view.
Found a stone staircase leading down.
The blast of sand hits the ball python!
You kill the ball python!
i - a scroll labelled LAEGIQ JUDINLI A ball python comes into view.
The ball python hisses angrily.
The blast of sand hits the ball python!
You kill the ball python!
You see here a ball python corpse.
Okay, then.
You drop a +0 robe. x2
As you read the scroll labelled LAEGIQ JUDINLI, it crumbles to dust.
You feel strangely unstable.
It was a scroll of teleportation.
Your surroundings suddenly seem different.
You see here a +0 leather armour.
There is a staircase leading out of the dungeon here.
Are you sure you want to leave the Dungeon?
This will make you lose the game!
You have escaped!

........#..#.# #.# #..# #.#.
........#..#.# ##.####..######.#.
...........#.# #.................
.............###.#####..###.##.##
#..........###~#.#~###..# #.##.#
#..........##~....P~##..# #.##.#
#(.####.##.#~.8.[P8P~#..###.##.##
...........##~....P~##...##......
...####....##~♣.@.P~##..###.#..##
...#.#.....#~♣8♣~P8P~#..###.#.###
#..........##~♣~~~P~##..........#
...#.#....####~#.#~###.####.#.#.#
...#.#....######.### #.#.##.#.#.#
...#.#......####.#######.##...#.#
..##.#......##.........#.##.###.#
..##.#......##.........#.##.# #.#
............##.........#....# #.#


There were no monsters in sight!

Vanquished Creatures
  7 ball pythons (D:1)
  3 bats (D:1)
  3 endoplasms (D:1)
  A goblin (D:1)
  3 hobgoblins (D:1)
  4 kobolds (D:1)
  6 quokkas (D:1)
  A frilled lizard (D:1)
  2 rats (D:1)
30 creatures vanquished.

Notes
Turn   | Place    | Note
-------+----------+-------------------------------------------
     0 | D:1      | Heoruswealwe the Deep Elf Earth Elementalist began the
                  | quest for the Orb.
     0 | D:1      | Reached XP level 1. HP: 10/10 MP: 6/6
   222 | D:1      | Reached XP level 2. HP: 15/15 MP: 6/8
   471 | D:1      | Reached XP level 3. HP: 19/19 MP: 4/9
   805 | D:$      | Got out of the dungeon alive.

Illustrated notes

Levels and vault maps discovered:
D:1:      ldierk_walled_garden_2, layout_basic, minmay_hexomino_f4

Skill      XL: |  1  2  3 |
---------------+----------+-----
Stealth        | 3 |  3.0
Dodging        | 3 |  3.0
Spellcasting   | |  3.4
Transmutations | |  1.8
Earth Magic    | |  3.6

Action                     || total
---------------------------++-------
  Melee: Unarmed           ||     1
   Cast: Sandblast         ||    38
    Use: Scroll            ||     5
         Potion            ||     3
 Armour: Robe              ||     1
  Dodge: Dodged            ||     8
